 Dungeon Crawl Stone Soup version 0.19-a0-1050-g8e71ee3 (webtiles) character file.

182 Kaname the Sneak (level 5, -2/37 HPs)
             Began as a High Elf Wanderer on Aug 1, 2016.
             Slain by an orc
             ... wielding a +0 dagger
              (6 damage)
             ... on level 3 of the Dungeon.
             The game lasted 00:09:35 (3829 turns).

Kaname the Sneak (High Elf Wanderer)                Turns: 3829, Time: 00:09:36

Health: -2/37      AC:  2    Str: 15    XL:     5   Next: 35%
Magic:  12/12      EV: 12    Int: 16    God:
Gold:   141        SH:  0    Dex: 11    Spells: 0 memorised, 12 levels left

rFire  . . .     SeeInvis .     a - +2 spear
rCold  + . .     Gourm    .     d - +0 robe
rNeg   + . .     Faith    .     (no shield)
rPois  .         Spirit   .     (no helmet)
rElec  .         Dismiss  .     (no cloak)
rCorr  .         Reflect  .     (no gloves)
SustAt .         Harm     .     (no boots)
MR     .....                    (no amulet)
Stlth  ++........               n - ring of protection from cold
                                j - ring of positive energy

@: not resistant to hostile enchantments, unstealthy
A: no striking features
a: no special abilities


You were on level 3 of the Dungeon.
You were not hungry.

You visited 1 branch of the dungeon, and saw 3 of its levels.

You collected 141 gold pieces.

Inventory:

Hand Weapons
 a - a +2 spear (weapon)
Armour
 d - a +0 robe (worn)
Jewellery
 e - a +3 ring of strength
 j - a ring of positive energy (left hand)
 l - an uncursed ring of wizardry
 n - a ring of protection from cold (right hand)
Scrolls
 o - 2 scrolls of remove curse
 s - a scroll of enchant weapon {unknown}
 t - a scroll of amnesia {unknown}
Potions
 b - 2 potions of curing
 c - 2 potions of lignification
 h - a potion of mutation {unknown}
 i - a potion of heal wounds {unknown}
 m - 2 potions of might
 q - a potion of cancellation {unknown}
 r - a potion of agility {unknown}
Comestibles
 f - 4 bread rations
 g - 2 beef jerkies
 k - 2 meat rations


   Skills:
 - Level 4.0 Fighting
 - Level 1.5 Polearms
   Level 1.3 Bows
 - Level 1.1 Dodging
 + Level 4.2 Stealth
 + Level 4.1 Spellcasting
   Level 1.0 Evocations


You had 12 spell levels left.
You didn't know any spells.

Dungeon Overview and Level Annotations

Branches:
Dungeon (3/15)

Altars:
Makhleb
Okawaru


Message History

The orc priest closely misses you. The orc barely misses you.
An orc comes into view. It is wielding a dagger.
You closely miss the orc priest.
The orc priest is moderately wounded.
The orc priest invokes the aid of Beogh against you.
Pain shoots through your body!
* * * LOW HITPOINT WARNING * * *
You completely miss the orc priest.
The orc priest is moderately wounded.
The orc closely misses you. The orc priest hits you with a mace.
* * * LOW HITPOINT WARNING * * *
You closely miss the orc priest.
The orc priest is moderately wounded.
The orc completely misses you. The orc closely misses you.
The orc priest hits you with a mace.
* * * LOW HITPOINT WARNING * * *
You hit the orc priest.
The orc priest is severely wounded.
The orc hits you with a dagger.
You die...

#)##################.# #.# #.#
####.# #.#.#
#.###############....# #.#.#
#.#...............##.# #.#.#
#.#.##################. #.#.#
#.#..................oo #.#.#
#.#.#...........#.# #.#.#
#.#.#.########oo#.# #####.#.#
#.#.#.#........@#o######...#.#.#
##.#...#........o#.##............
.................).......).......
##.#............##.##.####......#
................##.##.####.####.#
................................#
...#.............#.##.###........
.###.####........#.##.# #........
.# #.# #........#.##.# #........


You could see an orc priest and 2 orcs.

Vanquished Creatures
  Jessica (D:3)
  5 adders
  A gnoll (D:3)
  An ooze (D:1)
  4 worms
  2 dart slugs
  4 giant geckos
  2 orcs (D:3)
  A giant cockroach (D:2)
  7 goblins
  8 hobgoblins
  4 jackals (D:1)
  13 kobolds
  2 ball pythons (D:2)
  9 bats
  5 giant newts
  10 rats
79 creatures vanquished.

Notes
Turn   | Place    | Note
-------+----------+-------------------------------------------
     0 | D:1      | Kaname the High Elf Wanderer began the quest for the Orb.
     0 | D:1      | Kaname set off with: a +2 spear, a potion of curing, a potion of lignification, a +0 robe, a bread ration
     0 | D:1      | Reached XP level 1. HP: 17/17 MP: 2/2
    49 | D:1      | Reached skill level 1 in Spellcasting
   100 | D:1      | Reached XP level 2. HP: 5/22 MP: 4/4
   637 | D:1      | Reached XP level 3. HP: 16/27 MP: 5/7
   874 | D:2      | Found a faded altar of an unknown god.
   895 | D:2      | Found an iron altar of Okawaru.
  1789 | D:2      | Reached XP level 4. HP: 31/33 MP: 9/9
  2390 | D:2      | Found a burning altar of Makhleb.
  3245 | D:3      | Reached XP level 5. HP: 24/37 MP: 11/11
  3630 | D:3      | Noticed Jessica
  3641 | D:3      | Killed Jessica
  3829 | D:3      | Slain by an orc

Vault maps used:
D:1:      minmay_arrival_four_loops
D:2:      okawaru_metal_pillars_1_2, marbit_many_paths, ecumenical_altar_1,
          st_stairs_2
D:3:      first_bread, uniq_jessica, uniq_terence

Skill      XL: |  1  2  3  4  5 |
---------------+----------------+-----
Spellcasting   | 1 2 3 4 |  4.1
Stealth        | 2 3 4 |  4.2
Fighting       | |  4.0
Polearms       | |  1.5
Bows           | |  1.3
Dodging        | |  1.1
Evocations     | |  1.0

Action                   |  1- 3 |  4- 6 || total
-------------------------+-------+-------++-------
Melee: Spear             |   139 |   136 ||   275
  Use: Scroll            |       |     2 ||     2
 Stab: Sleeping          |     4 |     3 ||     7
       Distracted        |       |     2 ||     2
  Eat: Chunk             |     2 |     7 ||     9
Armor: Robe              |    16 |     7 ||    23
Dodge: Dodged            |    69 |    43 ||   112
